 Dungeon Crawl Stone Soup version 0.25.1-2-g60ff931df9 (webtiles) character file.

Game seed: 14658166348841813809

12739 lepoulpe303 the Frost Mage (level 11, -2/80 HPs)
             Began as a Merfolk Ice Elementalist on Aug 10, 2020.
             Was a Priest of Vehumet.
             Slain by a wraith (9 damage)
             ... led by Josephine
             ... on level 11 of the Dungeon.
             The game lasted 01:25:02 (17198 turns).

lepoulpe303 the Frost Mage (MfIE)                  Turns: 17198, Time: 01:25:03

Health: -2/80      AC:  8    Str:  9    XL:     11   Next: 98%
Magic:  30/31      EV: 16    Int: 17    God:    Vehumet [***...]
Gold:   735        SH:  6    Dex: 15    Spells: 11/25 levels left

rFire    . . .     SeeInvis .   k - +0 trident (freeze)
rCold    . . .     Gourm    .   f - +1 buckler
rNeg     . . .     Faith    .   Q - +0 troll leather armour {regen}
rPois    .         Spirit   .   (no helmet)
rElec    .         Reflect  .   y - +0 cloak
rCorr    .         Harm     .   (no gloves)
MR       +....                  c - +1 pair of boots
Stlth    +++.......             S - amulet of magic regeneration
HPRegen  0.63/turn              j - ring of magical power {MP+9}
MPRegen  0.47/turn              M - ring of protection from magic

@: slowed, very slow
A: change form in water, swift swim, stealthy swim
a: Renounce Religion


You were on level 11 of the Dungeon.
You worshipped Vehumet.
Vehumet was most pleased with you.
You were not hungry.

You visited 2 branches of the dungeon, and saw 12 of its levels.

You collected 735 gold pieces.

Inventory:

Hand Weapons
 k - a +0 trident of freezing (weapon)
Missiles
 b - 12 boomerangs (quivered)
 z - 36 poisoned darts
Armour
 a - a +0 robe
 c - a +1 pair of boots (worn)
 f - a +1 buckler (worn)
 l - a +0 leather armour
 y - a +0 cloak (worn)
 L - a +2 robe of fire resistance {rF+}
 Q - a +0 troll leather armour (worn) {regen}
Jewellery
 j - a ring of magical power (left hand) {MP+9}
 u - an uncursed amulet of reflection
 C - an uncursed ring of fire {rF+, rC-}
 I - an uncursed ring of protection from cold
 M - a ring of protection from magic (right hand)
 N - an uncursed ring of positive energy {rN+}
 S - an amulet of magic regeneration (around neck)
Wands
 B - a wand of polymorph (10)
 D - a wand of disintegration (16)
 E - a wand of enslavement (6)
 J - a wand of acid (18)
Scrolls
 i - 2 scrolls of identify
 m - 2 scrolls of magic mapping {!r}
 t - 7 scrolls of teleportation
 v - a scroll of enchant armour
 w - 5 scrolls of remove curse
 x - 2 scrolls of amnesia
 F - a scroll of torment {unknown}
 G - a scroll of immolation {unknown}
 K - a scroll of noise {unknown}
 P - a scroll of enchant weapon {unknown}
 R - a scroll of holy word {unknown}
Potions
 d - a potion of lignification {unknown}
 g - 2 potions of heal wounds
 h - 3 potions of haste
 n - 2 potions of resistance
 o - a potion of flight {unknown}
 p - 3 potions of brilliance
 q - 6 potions of curing
 r - a potion of stabbing {unknown}
 s - a potion of ambrosia {unknown}
 A - a potion of magic {unknown}
Comestibles
 e - 15 rations


   Skills:
 + Level 5.6 Fighting
 + Level 7.6 Polearms
 + Level 3.9 Armour
 + Level 7.8 Dodging
 + Level 7.0 Stealth
 - Level 4.0 Shields
 * Level 7.6 Spellcasting
 * Level 8.3 Charms
 * Level 10.0 Ice Magic
 + Level 1.0 Poison Magic


You had 11 spell levels left.
You knew the following spells:

 Your Spells              Type           Power        Failure   Level  Hunger
a - Freeze                Ice            ####         1%          1    None
b - Frozen Ramparts       Ice            #####.       1%          3    ##.....
c - Ensorcelled Hibernat  Hex/Ice        ###...       3%          2    None
d - Sting                 Tmut/Pois      #...         12%         1    None
e - Hailstorm             Conj/Ice       ###.....     5%          4    ####...
A - Ozocubu's Armour      Chrm/Ice       #####...     1%          3    ##.....

Your spell library contained the following spells:

 Spells                   Type           Power        Failure   Level  Hunger
 Dazzling Flash           Conj/Hex       #.....       12%         3    ##.....
 Foxfire                  Conj/Fire      #...         4%          1    None
 Ignite Poison            Fire/Tmut/Pois #.......     11%         3    ##.....
 Mephitic Cloud           Conj/Pois/Air  #.......     11%         3    ##.....
 Conjure Flame            Conj/Fire      #.......     12%         3    ##.....
 Inner Flame              Hex/Fire       #.......     12%         3    ##.....
 Poisonous Vapours        Pois/Air       #.....       19%         2    None
 Summon Ice Beast         Ice/Summ       ###.....     19%         4    ####...
 Olgreb's Toxic Radiance  Pois           ##......     24%         4    ####...
 Sticky Flame             Conj/Fire      #.......     36%         4    ####...
 Fireball                 Conj/Fire      #.........   67%         5    #####..
 Borgnjor's Vile Clutch   Necr/Erth      #.........   99%         5    #####..
 Silence                  Hex/Air        #.........   99%         5    #####..
 Darkness                 Hex            #.........   100%        6    #######
 Shadow Creatures         Summ           N/A          100%        6    #######


Dungeon Overview and Level Annotations

Branches:
Dungeon (11/15)            Temple (1/1) D:7             Orc (0/2) D:9
   Lair: D:8-11

Altars:
Ashenzari
Cheibriados
Fedhas
Hepliaklqana
Kikubaaqudgha
Makhleb
Nemelex Xobeh
Qazlal
Trog
Uskayaw
Vehumet
Wu Jian
Xom
Yredelemnul
Zin
The Shining One

Shops:
D:9 :

Annotations:
D:4 Eustachio
D:10 3 runed translucent doors ; rc++, Tufi Jee's ghost, journeyman GrFi


Message History

You feel as though you will be slow longer.
You take 2 damage, and have 8/80 hp.
Aim: a wraith (almost destroyed)
The wraith resists.
You freeze the wraith. The wraith barely misses you.
Aim: a wraith (almost destroyed)
The wraith completely resists.
You freeze the wraith but do no damage. The wraith completely misses you.
You block the wraith's attack.
You now have 29/31 mp.
You feel better. The wraith hits you.
* * * LOW HITPOINT WARNING * * *
The wraith drains your vigour!
You feel as though you will be slow longer.
You regained 4 hp, and now have 14/80 hp.
Aim: a wraith (almost destroyed)
The wraith resists.
You freeze the wraith. The wraith hits you!
* * * LOW HITPOINT WARNING * * *
The wraith barely misses you.
You take 8 damage, and have 6/80 hp.
You closely miss the wraith. The wraith hits you!
You die...

#......#######.......
##.............T......
......$....^.......... #
...................... #
.......W.............. #
............o.o.......
###########'####........
............)).####.....
...>.........).W@.#.....
..................# ...
#.######+####.....###
#.# #.......# #.#
#.......# #.# #.......#
#.## #.......# #..#
#.......# #..# #.......#


You could see a wraith.

Levels and vault maps discovered:
D:1:      shiori_arrival_oz, layout_loops_ring, minmay_pentomino_w2
D:2:      layout_basic, first_ration
D:3:      layout_rooms, eat_drink_and_be_merry_uskayaw
D:4:      layout_basic, serial_undead, serial_undead_f, serial_undead_f,
          serial_undead_c, serial_undead_e
D:5:      layout_gridville, minmay_hedge_maze, roderic_lattice_a,
          minmay_misc_feat_room, uniq_eustachio
D:6:      layout_rooms, nemelex_dance_club_becter
D:7:      layout_basic, minmay_temple_entry_tees, uniq_pikel
D:8:      layout_gridville
D:9:      layout_basic, david_orc_1_choice, serial_shops, nicolae_shop_crystal,
          uniq_joseph, uniq_psyche
D:10:     layout_roguey, gammafunk_ghost_icy, david_nohive_1, uniq_harold
D:11:     layout_irregular_city, lair_entry_dummy, serial_shops,
          kennysheep_mini_moat, nicolae_two_hexagons, billiards_dpeg,
          uniq_josephine, uniq_fannar
Temple:   dpeg_three_leaves_temple

Notes
Turn   | Place    | Note
-------+----------+-------------------------------------------
     0 | D:1      | lepoulpe303 the Merfolk Ice Elementalist began the quest
                  | for the Orb.
     0 | D:1      | Reached XP level 1. HP: 13/13 MP: 3/3
    35 | D:1      | HP: 3/13 [kobold/stone (2)]
   280 | D:1      | Identified a cursed -2 pair of gloves (You found it on
                  | level 1 of the Dungeon)
   338 | D:1      | Identified a +1 pair of boots (You found it on level 1 of
                  | the Dungeon)
   390 | D:1      | Reached XP level 2. HP: 19/19 MP: 0/5
   894 | D:1      | Reached skill level 3 in Dodging
   947 | D:1      | Identified a cursed +0 leather armour (You found it on
                  | level 1 of the Dungeon)
   964 | D:1      | Identified a +0 whip
   974 | D:1      | Identified a +0 short sword
  1047 | D:1      | Reached XP level 3. HP: 20/24 MP: 6/6
  1052 | D:1      | Learned a level 3 spell: Frozen Ramparts
  1311 | D:2      | Identified a +0 club
  1345 | D:2      | Identified a cursed -3 club
  1523 | D:2      | Identified a +0 club
  1618 | D:2      | Reached skill level 5 in Ice Magic
  1618 | D:2      | Reached XP level 4. HP: 18/30 MP: 1/8
  1817 | D:2      | Identified a +0 club
  2235 | D:3      | Identified a +0 dagger
  2235 | D:3      | Identified a +0 falchion of flaming
  2236 | D:3      | Identified a +0 club
  2287 | D:3      | Found a hide-covered altar of Uskayaw.
  2287 | D:3      | Identified a +0 club
  2406 | D:2      | Identified 2 scrolls of teleportation
  2407 | D:2      | Identified a scroll of magic mapping
  2408 | D:2      | Identified a scroll of identify
  2408 | D:2      | Identified a ring of magical power (You found it on level 1
                  | of the Dungeon)
  2410 | D:2      | Identified a scroll of remove curse
  2430 | D:2      | Identified a +0 robe
  2453 | D:2      | Learned a level 3 spell: Ozocubu's Armour
  2508 | D:2      | Identified a +0 club
  2524 | D:2      | Identified a +0 club
  2524 | D:2      | Identified a +0 robe
  2646 | D:2      | Identified a +0 halberd
  2647 | D:2      | Identified a +0 halberd
  2648 | D:2      | Identified a +0 spear
  2689 | D:2      | Reached skill level 3 in Stealth
  2698 | D:2      | Reached XP level 5. HP: 13/35 MP: 9/9
  3002 | D:3      | Identified a cursed -2 dagger
  3151 | D:3      | Reached skill level 1 in Charms
  3234 | D:3      | Identified a ring of protection from magic (You found it on
                  | level 3 of the Dungeon)
  3323 | D:3      | Identified a +0 spear
  3334 | D:3      | Reached skill level 3 in Spellcasting
  3382 | D:3      | Identified a +0 halberd
  3430 | D:3      | HP: 9/36 [gnoll/+0 spear (4)]
  3433 | D:3      | HP: 4/36 [gnoll/+0 spear (6)]
  3477 | D:3      | Identified a +0 dagger
  3882 | D:4      | Identified a +0 trident of freezing
  3882 | D:4      | Identified a +0 scale mail
  3882 | D:4      | Identified a +0 dagger
  3882 | D:4      | Identified a +0 robe
  3882 | D:4      | Identified a +0 flail
  3882 | D:4      | Identified a +0 leather armour
  3883 | D:4      | Identified a +2 dagger of venom
  3883 | D:4      | Identified a +0 robe
  3909 | D:4      | Identified an amulet of reflection (You found it on level 4
                  | of the Dungeon)
  3917 | D:4      | Identified a +1 dagger of speed
  3917 | D:4      | Identified a cursed +0 robe
  3923 | D:4      | Reached skill level 1 in Fighting
  3939 | D:4      | Reached XP level 6. HP: 22/43 MP: 10/10
  3939 | D:4      | Reached skill level 1 in Polearms
  4429 | D:4      | Identified a +0 short sword
  4430 | D:4      | Identified a +0 dagger
  4430 | D:4      | Identified a +0 robe
  4464 | D:4      | Reached skill level 1 in Armour
  4721 | D:4      | Reached skill level 1 in Shields
  4721 | D:4      | Reached skill level 2 in Charms
  4945 | D:5      | Entered Level 5 of the Dungeon
  5042 | D:5      | Reached skill level 4 in Dodging
  5102 | D:5      | Identified a +0 shortbow
  5108 | D:5      | Reached XP level 7. HP: 41/48 MP: 12/12
  5336 | D:5      | Identified a +0 giant club
  5336 | D:5      | Identified a +1 falchion of draining
  5336 | D:5      | Identified a +1 leather armour of cold resistance
  5336 | D:5      | Noticed Eustachio
  5716 | D:5      | Identified a +0 cloak (You found it on level 5 of the
                  | Dungeon)
  5721 | D:5      | Identified a +0 buckler (You found it on level 3 of the
                  | Dungeon)
  5856 | D:5      | Reached skill level 2 in Polearms
  5992 | D:5      | Identified a ring of attention (You found it on level 5 of
                  | the Dungeon)
  5997 | D:5      | Identified a +0 giant club
  6023 | D:5      | Reached skill level 6 in Ice Magic
  6194 | D:5      | Identified a +0 club
  6194 | D:5      | Identified a +0 chain mail
  6393 | D:6      | Identified a +0 flail
  6425 | D:6      | Identified a +0 dire flail
  6425 | D:6      | Identified a +0 chain mail
  6431 | D:6      | Identified a +0 hand axe
  6431 | D:6      | Identified a +0 ring mail
  6447 | D:5      | Reached skill level 2 in Fighting
  6447 | D:5      | Reached skill level 4 in Stealth
  6592 | D:6      | Identified a +0 club
  6593 | D:6      | Identified a +0 whip
  6599 | D:5      | Reached skill level 3 in Charms
  6804 | D:6      | Identified a +0 trident
  6804 | D:6      | Identified a +0 chain mail
  6894 | D:6      | Noticed a vampire
  6894 | D:6      | Identified a +0 club
  6894 | D:6      | Identified a +0 club
  7129 | D:5      | HP: 8/50 [bullfrog (6)]
  7133 | D:5      | Reached XP level 8. HP: 5/56 MP: 13/13
  7136 | D:5      | Reached skill level 2 in Shields
  7136 | D:5      | Reached skill level 4 in Spellcasting
  7432 | D:6      | Identified a cursed -1 dagger
  7432 | D:6      | Identified a +0 robe
  7639 | D:5      | Identified 3 potions of curing
  7640 | D:5      | Identified 2 scrolls of amnesia
  7648 | D:6      | Identified a +3 great sword
  7648 | D:6      | Identified a cursed +0 robe
  8133 | D:6      | Identified a +2 dagger
  8133 | D:6      | Identified a +0 robe
  8141 | D:6      | Reached skill level 3 in Polearms
  8161 | D:6      | Identified a cursed +0 halberd
  8161 | D:6      | Identified a +0 robe
  8474 | D:5      | Learned a level 2 spell: Ensorcelled Hibernation
  8577 | D:6      | Identified a +0 short sword
  8597 | D:6      | Identified a +0 giant club
  8604 | D:6      | HP: 4/57 [ogre/+0 giant club (20)]
  8658 | D:6      | HP: 2/57 [ogre/+0 giant club (12)]
  8968 | D:6      | Found a sparkling altar of Nemelex Xobeh.
  9051 | D:6      | Identified an uncursed ring of positive energy
  9527 | D:7      | Reached skill level 4 in Charms
  9527 | D:7      | Reached skill level 2 in Armour
  9528 | D:7      | Reached skill level 5 in Dodging
  9528 | D:7      | Reached skill level 7 in Ice Magic
  9692 | D:7      | Identified a +0 whip
  9692 | D:7      | Identified a +0 halberd
  9699 | D:7      | Reached XP level 9. HP: 46/62 MP: 15/15
  9780 | D:7      | Identified a +0 halberd
  9781 | D:7      | Identified a +0 club
  9781 | D:7      | Identified a +0 robe
  9805 | D:7      | Found a staircase to the Ecumenical Temple.
  9820 | D:7      | Identified a +0 ring mail
  9822 | Temple   | Entered the Ecumenical Temple
  9827 | Temple   | Became a worshipper of Vehumet
  9844 | D:7      | Identified a +0 dagger
  9844 | D:7      | Identified a +0 robe
  9849 | D:7      | Identified a +0 flail
  9864 | D:7      | Reached skill level 3 in Fighting
 10098 | D:7      | Reached skill level 4 in Polearms
 10254 | D:7      | Identified a +0 leather armour
 10254 | D:7      | Identified a +1 dagger of speed
 10254 | D:7      | Identified a +0 robe
 10702 | D:7      | Identified a +0 mace
 10974 | D:7      | Identified a +2 whip of flaming
 10974 | D:7      | Identified a +0 robe
 10974 | D:7      | Noticed Pikel
 10991 | D:7      | Killed Pikel
 10991 | D:7      | Reached skill level 5 in Stealth
 10991 | D:7      | Reached skill level 3 in Shields
 10991 | D:7      | Reached skill level 5 in Spellcasting
 10991 | D:7      | Reached skill level 5 in Charms
 11170 | D:8      | Learned a level 1 spell: Sting
 11563 | D:8      | Identified a +0 short sword
 11563 | D:8      | Identified a cursed -2 dagger
 11564 | D:8      | Identified a +0 short sword
 11564 | D:8      | Identified a +0 dagger
 11574 | D:8      | Reached * piety under Vehumet
 11574 | D:8      | Offered knowledge of Sandblast by Vehumet.
 11900 | D:8      | Noticed a cyclops
 12173 | D:8      | Killed a cyclops
 12173 | D:8      | Reached skill level 5 in Polearms
 12173 | D:8      | Reached skill level 6 in Dodging
 12173 | D:8      | Reached skill level 8 in Ice Magic
 12173 | D:8      | Reached XP level 10. HP: 55/71 MP: 18/18
 12558 | D:9      | Identified a +2 dagger of chaos
 12558 | D:9      | Identified a +2 robe of fire resistance
 12558 | D:9      | Noticed Psyche
 12558 | D:9      | Identified a +0 flail
 12558 | D:9      | Identified a +0 plate armour
 12588 | D:8      | Reached skill level 6 in Charms
 12666 | D:9      | Identified a +0 whip
 12666 | D:9      | Identified a +0 ring mail
 12666 | D:9      | Identified a +0 dagger
 12666 | D:9      | Identified a +0 robe
 12688 | D:9      | Identified a +0 giant club
 12726 | D:9      | Identified a +0 mace
 12729 | D:9      | Reached skill level 4 in Fighting
 12756 | D:9      | Identified a +2 hand axe of electrocution
 12766 | D:8      | Killed Psyche
 13013 | D:9      | Reached skill level 6 in Spellcasting
 13037 | D:9      | Found Rusech's Book Shoppe.
 13184 | D:9      | Identified a +0 quarterstaff of protection
 13184 | D:9      | Identified a +0 hunting sling
 13184 | D:9      | Identified a +2 ring mail of magic resistance
 13184 | D:9      | Noticed Joseph
 13214 | D:9      | Identified a +0 giant club
 13214 | D:9      | Identified a +0 shortbow
 13224 | D:9      | Reached skill level 3 in Armour
 13328 | D:9      | Identified a +0 giant club
 13329 | D:9      | Identified a +0 dagger
 13329 | D:9      | Identified a +0 dagger
 13366 | D:9      | Found a staircase to the Orcish Mines.
 13375 | D:9      | Identified 3 potions of brilliance
 13376 | D:9      | Identified 3 potions of haste
 13382 | D:9      | Identified a +0 hand axe
 13382 | D:9      | Identified a +0 chain mail
 13391 | D:9      | Identified a +0 scale mail
 13392 | D:9      | Reached skill level 4 in Shields
 13393 | D:9      | Identified a +4 falchion
 13395 | D:9      | Identified a +0 hand axe
 13405 | D:9      | Reached skill level 6 in Polearms
 13475 | D:9      | Identified a +0 long sword
 13475 | D:9      | Identified a +0 chain mail
 13521 | D:9      | Identified a +0 short sword
 13973 | D:9      | Killed Joseph
 13973 | D:9      | Reached skill level 6 in Stealth
 14068 | D:9      | Found Rusech's Book Shoppe.
 14302 | D:9      | Found a staircase to the Orcish Mines.
 14415 | D:9      | Identified 2 scrolls of enchant armour
 14427 | D:10     | Entered Level 10 of the Dungeon
 14427 | D:10     | Identified a +0 dagger
 14427 | D:10     | Identified a +0 robe
 14427 | D:10     | Identified a +0 short sword
 14427 | D:10     | Identified a +0 chain mail
 14427 | D:10     | Identified a +0 falchion
 14593 | D:10     | Reached skill level 7 in Charms
 14593 | D:10     | Reached skill level 9 in Ice Magic
 14594 | D:10     | Reached XP level 11. HP: 56/78 MP: 20/20
 14605 | D:10     | Reached ** piety under Vehumet
 14605 | D:10     | Offered knowledge of Searing Ray by Vehumet.
 14964 | D:10     | Identified a +0 short sword
 14964 | D:10     | Identified a +0 club
 14965 | D:10     | Identified a +0 short sword
 14965 | D:10     | Identified a +2 short sword of freezing
 14965 | D:10     | Identified a +0 dagger
 14967 | D:10     | Identified a +0 whip
 14968 | D:10     | Identified a +2 short sword of electrocution
 14983 | D:10     | Reached skill level 7 in Dodging
 15059 | D:10     | Identified a +0 shortbow
 15059 | D:10     | Identified a +0 robe
 15114 | D:10     | Identified a +0 giant club
 15286 | D:10     | Identified a +0 shortbow of flaming
 15437 | D:10     | Identified a +0 flail
 15437 | D:10     | Identified a +0 shortbow
 15446 | D:10     | Identified a ring of protection from cold (You found it on
                  | level 7 of the Dungeon)
 15448 | D:10     | Identified a ring of fire (You found it on level 6 of the
                  | Dungeon)
 15460 | D:10     | Identified a +0 shortbow
 15494 | D:10     | Identified a +2 long sword of holy wrath
 15494 | D:10     | Identified a +0 ring mail
 15494 | D:10     | Noticed Harold
 15548 | D:10     | Found a runed translucent gate.
 15548 | D:10     | Found a runed translucent gate.
 15548 | D:10     | Found a runed translucent gate.
 15574 | D:10     | Identified a +0 hand axe
 15575 | D:10     | Identified a +0 flail
 15575 | D:10     | Identified a +0 plate armour
 15576 | D:10     | Identified a +0 dagger
 15578 | D:10     | Identified a +0 dagger
 15578 | D:10     | Identified a cursed +0 leather armour
 15578 | D:10     | Identified a +0 whip
 15653 | D:10     | Offered knowledge of Stone Arrow by Vehumet.
 15700 | D:10     | Identified a +0 troll leather armour
 15726 | D:10     | Identified a +0 longbow
 15726 | D:10     | Noticed a centaur warrior
 15738 | D:10     | Killed a centaur warrior
 15738 | D:10     | Reached skill level 5 in Fighting
 15997 | D:10     | Identified a +0 giant club
 16008 | D:10     | Reached skill level 7 in Spellcasting
 16039 | D:10     | Identified an amulet of magic regeneration (You found it on
                  | level 10 of the Dungeon)
 16040 | D:10     | Identified 2 potions of degeneration
 16042 | D:10     | Identified 2 potions of resistance
 16150 | D:10     | Noticed Tufi Jee's ghost (journeyman GrFi)
 16251 | D:10     | Killed Harold
 16251 | D:10     | Reached skill level 7 in Polearms
 16418 | D:10     | Reached *** piety under Vehumet
 16513 | D:11     | Identified a +0 short sword
 16582 | D:11     | Identified a +0 giant club
 16582 | D:11     | Identified a +0 giant spiked club
 16582 | D:11     | Noticed a two-headed ogre
 16601 | D:11     | Killed a two-headed ogre
 16601 | D:11     | Reached skill level 8 in Charms
 16687 | D:11     | Learned a level 4 spell: Hailstorm
 16809 | D:11     | Identified a +1 war axe
 16809 | D:11     | Identified a cursed -2 robe
 16811 | D:11     | Identified a cursed -3 hand axe
 16811 | D:11     | Identified a +0 robe
 16811 | D:11     | Identified a +4 great sword
 16811 | D:11     | Identified a +0 robe
 16811 | D:11     | Identified a +2 scimitar
 16811 | D:11     | Identified a +0 robe
 17020 | D:11     | Identified a +0 dagger
 17020 | D:11     | Identified a +0 robe
 17020 | D:11     | Noticed Josephine
 17136 | D:11     | Identified a +0 hand axe
 17136 | D:11     | Identified a +0 chain mail
 17136 | D:11     | Identified a +0 club
 17157 | D:11     | Identified a +0 short sword
 17164 | D:11     | Identified a +0 flail
 17182 | D:11     | Killed Josephine
 17182 | D:11     | Offered knowledge of Dazzling Flash by Vehumet.
 17182 | D:11     | Reached skill level 7 in Stealth
 17182 | D:11     | Reached skill level 10 in Ice Magic
 17182 | D:11     | Reached skill level 1 in Poison Magic
 17183 | D:11     | HP: 19/80 [wraith[Josephine] (9)]
 17190 | D:11     | HP: 9/80 [wraith[Josephine] (12)]
 17196 | D:11     | HP: 14/80 [wraith[Josephine] (6)]
 17197 | D:11     | HP: 6/80 [wraith[Josephine] (9)]
 17198 | D:11     | Slain by a wraith

Table legend:
 A = Turns spent in this place as a percentage of turns spent in the entire game.
 B = Non-inter-level travel turns spent in this place as a percentage of non-inter-level travel turns spent in the entire game.
 C = Inter-level travel turns spent in this place as a percentage of turns spent in this place.
 D = Turns resting spent in this place as a percentage of non-inter-level travel turns spent in this place.
 E = Turns spent auto-exploring this place as a percentage of non-inter-level travel turns spent in this place.
 F = Non-inter-level travel turns spent in this place divided by the number of levels of this place that you've seen.
                   A       B       C       D       E      F
               +-------+-------+-------+-------+-------+----------------------
         Total | 100.0 | 100.0 |   4.2 |  42.9 |  30.5 | 1373.5
       Dungeon |  99.9 |  99.9 |   4.2 |  42.9 |  30.6 | 1497.1
        Temple |   0.1 |   0.1 |   0.0 |   0.0 |   0.0 |  14.0
               +-------+-------+-------+-------+-------+----------------------

Table legend:
 A = Kills in this place as a percentage of kills in entire the game.
 B = Kills by you in this place as a percentage of kills by you in the entire game.
 C = Kills by friends in this place as a percentage of kills by friends in the entire game.
 D = Other kills in this place as a percentage of other kills in the entire game.
 E = Experience gained in this place as a percentage of experience gained in the entire game.
 F = Experience gained in this place divided by the number of levels of this place that you have seen.
                   A       B       C       D       E      F
               +-------+-------+-------+-------+-------+----------------------
         Total | 100.0 | 100.0 |   N/A |   N/A | 100.0 | 1516.6
       Dungeon | 100.0 | 100.0 |   N/A |   N/A | 100.0 | 1654.5
               +-------+-------+-------+-------+-------+----------------------

Skill      XL: |  1  2  3  4  5  6  7  8  9 10 11 |
---------------+----------------------------------+-----
Dodging        | 3 4 5 6 7 |  7.8
Ice Magic      | 5 6 7 8 9 10 | 10.0
Stealth        | 3 4 5 6 7 |  7.0
Charms         | 1 2 3 4 5 7 8 |  8.3
Spellcasting   | 3 4 5 6 7 |  7.6
Fighting       | 1 2 3 4 5 |  5.6
Polearms       | 1 2 3 5 6 7 |  7.6
Armour         | 1 2 3 |  3.9
Shields        | 1 2 3 4 |  4.0
Poison Magic   | 1 |  1.0

Action                   |  1- 3 |  4- 6 |  7- 9 | 10-12 || total
-------------------------+-------+-------+-------+-------++-------
Melee: Unarmed           |     7 |       |       |       ||     7
       Whip              |    36 |    13 |       |       ||    49
       Spear             |       |    60 |       |       ||    60
       Trident           |       |    81 |   367 |   324 ||   772
Throw: Boomerang         |       |    24 |    14 |     4 ||    42
       Dart              |       |       |    24 |       ||    24
 Cast: Freeze            |    53 |    53 |    74 |   149 ||   329
       Frozen Ramparts   |       |     7 |    17 |    21 ||    45
       Ozocubu's Armour  |       |       |     3 |     2 ||     5
       Sting             |       |       |     2 |    23 ||    25
Evoke: Wand              |       |       |       |     2 ||     2
  Use: Scroll            |       |     5 |     3 |     6 ||    14
       Potion            |       |       |       |     3 ||     3
 Stab: Sleeping          |     2 |     5 |     9 |    11 ||    27
       Distracted        |       |     1 |     2 |       ||     3
  Eat: Chunk             |     3 |     5 |     3 |     7 ||    18
       Ration            |       |     2 |     7 |     3 ||    12
Armor: Robe              |     7 |       |       |       ||     7
       Leather armour    |     9 |    52 |    93 |    35 ||   189
       Troll leather arm |       |       |       |    33 ||    33
Dodge: Dodged            |    69 |   157 |   225 |   272 ||   723
Block: Other             |       |       |    34 |       ||    34
       Reflection        |       |       |     6 |     6 ||    12
       Buckler           |       |       |   112 |   167 ||   279

Vanquished Creatures
  Josephine (D:11)
  Harold (D:10)
  A two-headed ogre (D:11)
  A centaur warrior (D:10)
  Pikel (D:7)
  A cyclops (D:8)
  Joseph (D:9)
  Psyche (D:8)
  A queen bee (D:10)
  4 trolls
  2 hippogriffs
  2 wraiths (D:11)
  5 yaks (D:10)
  2 wargs (D:9)
  An acid dragon (D:11)
  A water moccasin (D:10)
  3 ice beasts
  A sky beast (D:7)
  7 orc warriors
  8 ogres
  3 slaves (D:7)
  A necrophage (D:10)
  A crocodile (D:11)
  6 centaurs
  2 big kobolds
  6 bullfrogs
  A wyvern skeleton (D:10)
  3 scorpions
  19 killer bees
  5 wights
  3 howler monkeys
  3 bullfrog zombies
  5 crimson imps
  2 bullfrog skeletons
  2 hounds
  2 jellies
  9 orc wizards
  A gnoll shaman (D:7)
  5 orc priests
  2 iguanas
  4 worker ants
  2 hound zombies (D:4)
  2 worker ant zombies
  11 adders
  14 gnolls
  A howler monkey skeleton (D:5)
  A shadow imp (D:8)
  2 oozes
  An adder zombie (D:9)
  3 worms
  3 dart slugs
  4 leopard geckos
  33 orcs
  A ball python (D:2)
  7 bats
  A giant cockroach (D:3)
  4 goblins
  10 hobgoblins
  17 jackals
  A quokka (D:2)
  3 frilled lizards
  20 kobolds
  2 leopard gecko zombies
  A quokka skeleton (D:9)
  A quokka zombie (D:4)
  7 rats
282 creatures vanquished.

Vanquished Creatures (others)
  A wight (D:11)
  A crimson imp (D:7)
2 creatures vanquished.

Grand Total: 284 creatures vanquished
